 Dungeon Crawl Stone Soup version 0.30-a0-918-g0ff054e9dc (webtiles) character file.

Game seed: 592156870771567811

233 cforsyth the Covered (level 6, -3/48 HPs)
             Began as a Human Fighter on Mar 20, 2023.
             Slain by Blork the orc
             ... wielding a +5 trident of venom
              (9 damage)
             ... on level 4 of the Dungeon.
             The game lasted 00:02:33 (2544 turns).

cforsyth the Covered (Human Fighter)                Turns: 2544, Time: 00:02:34

Health: -3/48      AC:  9    Str: 18    XL:     6   Next: 26%
Magic:  6/6        EV:  9    Int:  8    God:
Gold:   252        SH:  6    Dex: 19    Spells: 5/5 levels left

rFire   . . .      SeeInvis .    a - +0 flail
rCold   . . .      Faith    .    c - +0 buckler
rNeg    . . .      Spirit   .    b - +0 scale mail
rPois   .          Reflect  .    l - +0 helmet
rElec   .          Rampage  .    k - +0 cloak
rCorr   .                        (no gloves)
Will    .....                    (no boots) Stlth
                                 (no amulet)
HPRegen 0.28/turn                p - +6 ring of dexterity
MPRegen 0.10/turn                (no ring)

@: lethally poisoned (-3 -> -9)
A: no striking features
a: no special abilities


You were on level 4 of the Dungeon.
You visited 1 branch of the dungeon, and saw 4 of its levels.

You collected 252 gold pieces.

Inventory:

Hand Weapons
 a - a +0 flail (weapon)
Armour
 b - a +0 scale mail (worn)
 c - a +0 buckler (worn)
 k - a +0 cloak (worn)
 l - a +0 helmet (worn)
Jewellery
 p - a +6 ring of dexterity (left hand)
 r - a +5 ring of evasion
Scrolls
 g - 4 scrolls of teleportation {unknown}
 i - a scroll of vulnerability {unknown}
 m - 3 scrolls of identify {unknown}
 n - 2 scrolls of magic mapping {unknown}
 o - a scroll of brand weapon {unknown}
Potions
 d - 4 potions of might
 e - a potion of resistance {unknown}
 f - 2 potions of heal wounds {unknown}
 h - 4 potions of curing {unknown}
 j - a potion of berserk rage {unknown}
 q - a potion of lignification {unknown}
 s - a potion of brilliance {unknown}


   Skills:
 + Level 4.1 Fighting
 + Level 3.4 Maces & Flails
 + Level 4.1 Armour
 + Level 4.1 Shields


You had 5 spell levels left.
You didn't know any spells.
Your spell library contained the following spells:

 Spells                   Type           Power      Damage    Failure   Level
 Summon Small Mammal      Summ           0%         N/A       86%         1
 Call Canine Familiar     Summ           0%         N/A       99%         3
 Portal Projectile        Hex/Tloc       0%         N/A       99%         3
 Summon Guardian Golem    Hex/Summ       0%         N/A       99%         3
 Leda's Liquefaction      Hex/Erth       0%         N/A       100%        4


Dungeon Overview and Level Annotations

Branches:
Dungeon (4/15)
 Temple: D:4-7

Altars:
Yredelemnul

Shops:
D:1 (

Annotations:
D:4 Blork the orc


Message History

You open the door.
There is an open door here.
You now have 252 gold pieces (gained 12).
Found a short sword.
You see here a +0 short sword.
Blork the orc comes into view.
He is wielding a +5 trident of venom.
Blork the orc shouts!
You hear a shout! x2
Blork the orc hits you from afar with a +5 trident of venom!
You are poisoned.
You hear a shout! x3
Blork the orc is nearby!
You feel sick. You block Blork the orc's attack.
You hit Blork the orc.
Blork the orc is lightly wounded.
You feel very sick. Blork the orc casts a spell at you.
The magic dart hits you.
Blork the orc hits you with a +5 trident of venom!
You are more poisoned.
You are too injured to fight recklessly!
You are too injured to fight recklessly!
You are too injured to fight recklessly!
You are too injured to fight recklessly!
You are too injured to fight recklessly!
You are too injured to fight recklessly!
You are too injured to fight recklessly!
You are too injured to fight recklessly!
You are too injured to fight recklessly!
You sock Blork the orc!
Blork the orc is heavily wounded.
You feel very sick.
Blork the orc points at you and mumbles some strange words.
The puff of flame hits you!
* * * LOW HITPOINT WARNING * * *
You barely miss Blork the orc.
Blork the orc is heavily wounded.
* * * LOW HITPOINT WARNING * * *
You feel very sick.
Blork the orc hits you with a +5 trident of venom!
You die...

.... .... #..#
#..## +... #..
#### #o#
#.#######..####@#
........).......#
................#
..##..##...##...#
##+######...######
...#.............
...+.............
#..###'###..#####
#..###.###..#


You could see Blork the orc.

Vanquished Creatures
  Menkaure (D:4)
  An orc wizard (D:3)
  3 adders
  A worm (D:2)
  2 orcs
  4 bats
  5 endoplasms
  2 giant cockroaches
  2 goblins
  4 hobgoblins
  6 jackals
  2 kobolds
  5 quokkas
  5 ball pythons
  6 frilled lizards
  5 rats
54 creatures vanquished.

Vanquished Creatures (others)
  A plant (D:4)
1 creature vanquished.

Grand Total: 55 creatures vanquished

Notes
Turn   | Place    | Note
-------+----------+-------------------------------------------
     0 | D:1      | cforsyth the Human Fighter began the quest for the Orb.
     0 | D:1      | Reached XP level 1. HP: 18/18 MP: 1/1
    95 | D:1      | Reached XP level 2. HP: 2/24 MP: 2/2
   244 | D:1      | Found Misisto's Weapon Shoppe.
   339 | D:1      | Reached XP level 3. HP: 22/29 MP: 3/3
   673 | D:1      | Found a faded altar of an unknown god.
   861 | D:2      | Reached XP level 4. HP: 35/35 MP: 4/4
  1520 | D:3      | Found a basalt altar of Yredelemnul.
  2052 | D:3      | Reached XP level 5. HP: 28/42 MP: 5/5
  2272 | D:4      | Noticed Menkaure
  2283 | D:4      | Killed Menkaure
  2284 | D:4      | Reached XP level 6. HP: 7/48 MP: 6/6
  2540 | D:4      | Noticed Blork the orc
  2544 | D:4      | Slain by Blork the orc

Illustrated notes

Levels and vault maps discovered:
D:1:      ncdulo_wetmaze, layout_basic, serial_shops, shop_statue,
          ebering_ecumenical_altar_box, minmay_box_of_dots
D:2:      layout_loops_ring, hangedman_feature_mirror, st_stairs_1,
          nicolae_kite_square_tiling_tiny, kennysheep_generic_room_12
D:3:      layout_basic, yredelemnul_altar_generic
D:4:      layout_gridville, gammafunk_temple_overflow_forgotten, uniq_duvessa,
          uniq_menkaure, uniq_blork_the_orc

Skill      XL: |  1  2  3  4  5 |
---------------+----------------+-----
Fighting       | 4 |  4.1
Maces & Flails | 3 |  3.4
Armour         | 4 |  4.1
Shields        | 4 |  4.1

Action                     |  1- 3 |  4- 6 || total
---------------------------+-------+-------++-------
  Melee: Flail             |   101 |    74 ||   175
 Armour: Scale mail        |    73 |    37 ||   110
  Dodge: Dodged            |    53 |    30 ||    83
  Block: Buckler           |    30 |    26 ||    56

Table legend: (Time is in decaauts)
 A = Elapsed time spent in this place.
 B = Non-inter-level travel time spent in this place.
 C = Inter-level travel time spent in this place.
 D = Time resting spent in this place.
 E = Time spent auto-exploring this place.
 F = Levels seen in this place.
 G = Mean time per level.
                   A        B        C        D        E       F      G
               +--------+--------+--------+--------+--------+-----+--------+
         Total |   2603 |   2581 |     22 |    150 |   1972 |   4 |  650.8 |
       Dungeon |   2603 |   2581 |     22 |    150 |   1972 |   4 |  650.8 |
               +--------+--------+--------+--------+--------+-----+--------+

Top non-repeatable levels by time:
     D:3: 852 daAuts
     D:1: 745 daAuts
     D:2: 668 daAuts
     D:4: 337 daAuts
